 Dungeon Crawl Stone Soup version 0.32-a0-675-gdc239d62e1 (webtiles) character file.

Game seed: 3556136070224209398

55783 cforsyth the Severer (level 14, -4/133 HPs)
             Began as a Mountain Dwarf Cinder Acolyte on Mar 12, 2024.
             Was a High Priest of Ignis.
             Slain by a skyshark (10 damage)
             ... on level 4 of the Lair of Beasts.
             The game lasted 00:56:16 (32167 turns).

cforsyth the Severer (MDCA)                        Turns: 32167, Time: 00:56:17

Health: -4/133     AC: 21    Str: 20    XL:     14   Next: 39%
Magic:  28/30      EV:  6    Int: 17    God:    Ignis [*****.]
Gold:   1475       SH:  9    Dex:  5    Spells: 21/23 levels left

rFire   . . .        a - +4 war axe (freeze)
rCold   + . .        H - +0 kite shield
rNeg    . . .        f - +0 plate armour
rPois   .            y - +2 hat
rElec   .            p - +0 cloak {Stlth+}
rCorr   .            e - +0 pair of gloves {Stlth+}
SInv    .            (no boots)
Will    +....        (no amulet) Stlth
                     M - ring of magical power
HPRegen 0.42/turn    C - ring of ice
MPRegen 0.22/turn

%: no passive effects
@: no status effects
A: runic magic, artefact enchanting
a: Renounce Religion, Fiery Armour, Foxfire Swarm, Rising Flame


You were on level 4 of the Lair of Beasts.
You worshipped Ignis.
Ignis was extremely pleased with you.
You visited 2 branches of the dungeon, and saw 17 of its levels.
You also visited: Bailey and Ice Cave.

You collected 1501 gold pieces.
You spent 26 gold pieces at shops.


Innate Abilities, Weirdness & Mutations

Your spellcasting is much less encumbered by armour.
You can use scrolls of enchantment on lesser artefacts.


   Skills:
 + Level 14.7 Fighting
 + Level 15.9 Axes
 + Level 14.3 Armour
 + Level 8.4 Shields
 - Level 5.0 Spellcasting
 - Level 9.4 Fire Magic


You had 21 spell levels left.
You knew the following spells:

 Your Spells              Type           Power      Damage    Failure   Level
X - Scorch                Fire           72%        2d8       1%          2

Your spell library contained the following spells:

 Spells                   Type           Power      Damage    Failure   Level
 Cigotuvi's Dreadful Rot  Necr/Alch/Air  8%         N/A       63%         2
 Lesser Beckoning         Tloc           8%         N/A       63%         2
 Gell's Gravitas          Tloc           4%         N/A       85%         3
 Hailstorm                Conj/Ice       6%         3d5       85%         3
 Summon Ice Beast         Ice/Summ       6%         N/A       85%         3
 Teleport Other           Tloc           4%         N/A       85%         3
 Tukima's Dance           Hex            4%         N/A       85%         3
 Dispel Undead            Necr           4%         3d7       99%         4
 Martyr's Knell           Necr/Summ      4%         N/A       99%         4
 Olgreb's Toxic Radiance  Alch           4%         N/A       99%         4
 Passage of Golubria      Tloc           4%         N/A       99%         4
 Yara's Violent Unravell  Hex/Alch       2%         3d3       100%        5
 Death Channel            Necr           2%         N/A       100%        6
 Sculpt Simulacrum        Ice/Alch       3%         N/A       100%        6
 Ozocubu's Refrigeration  Ice            3%         4d8       100%        7
 Discord                  Hex            2%         N/A       100%        8
 Polar Vortex             Ice            3%         N/A       100%        9

Inventory:

Hand Weapons
 a - a +4 war axe of freezing (weapon)
 b - the +8 war axe of the Warrior {chaos, Int+4 Dex+2}
   (You found it on level 9 of the Dungeon)

   Int+4:     It affects your intelligence (+4).
   Dex+2:     It affects your dexterity (+2).
Armour
 e - a +0 pair of gloves of stealth (worn)
 f - a +0 plate armour (worn)
 m - a +0 helmet
 p - a +0 cloak of stealth (worn)
 w - a +1 tower shield of cold resistance
 y - a +2 hat (worn)
 G - a +0 buckler
 H - a +0 kite shield (worn)
Jewellery
 s - a +6 ring of strength
 v - a ring of see invisible
 C - a ring of ice (right hand)
 F - a ring of fire
 I - an amulet of regeneration
 L - a ring of flight
 M - a ring of magical power (left hand)
 N - a +6 ring of strength
 R - a ring of resist corrosion
 S - a +6 ring of strength
 W - a ring of willpower
Wands
 k - a wand of flame (17)
 r - a wand of mindburst (13)
 J - a wand of digging (20)
Scrolls
 c - 2 scrolls of enchant armour
 g - 6 scrolls of fog
 i - 2 scrolls of teleportation {@r2}
 j - 2 scrolls of silence {!r}
 l - 7 scrolls of poison
 q - 2 scrolls of enchant weapon
 u - a scroll of amnesia
 E - 2 scrolls of revelation
Potions
 d - 2 potions of attraction
 h - 3 potions of curing {@q1}
 n - 2 potions of haste {@q3}
 o - 2 potions of magic
 t - 2 potions of resistance
 z - a potion of brilliance
 A - a potion of invisibility {unknown}
 B - 3 potions of mutation
 D - 2 potions of heal wounds {@q2}
 K - a potion of lignification

Dungeon Overview and Level Annotations

Branches:
Dungeon (12/15)            Temple (0/1) D:6            Lair (5/5) D:11
 Shoals (0/4) Lair:3       Spider (0/4) Lair:3          Orc (0/2) D:11
 Bailey (visited)           IceCv (visited)
  Slime: Lair:4-5

Altars:
Ashenzari
Dithmenos
Fedhas
Hepliaklqana
Uskayaw
Yredelemnul

Shops:
D:2 [   D:3 ?   D:5 (   D:9 (

Portals:
Trove: D:11 (give 8 potions of haste)

Annotations:
Lair:3 exclusion: oklob plant

####...##### ## ###
##...# #.
#.#####+.## ##
#.........## ####
#........#.# ##...
##........+.###....
#..>......#.÷÷##...
#...÷.....#....'..^
##@F......#####....
###.#+.### ##.+.
##...## ####.#
#.#..# #....#
##...# ##.<.#
#..### #...#
####.#.## ##...
#...+...# #...
#.......# #...


You could see a skyshark (berserk, combustible).


Message History

The skyshark resists with some effort.
The skyshark bites you!
* * * LOW HITPOINT WARNING * * *
You block the skyshark's attack.
The skyshark tail-slaps you but does no damage.
Unknown command.
Casting: Scorch (safe; 1% risk of failure)
Confirm with . or Enter, or press ? or * to list all spells.
Flames lash the skyshark.
The skyshark is severely wounded.
The skyshark's fire resistance burns away.
The skyshark is no longer moving slowly.
The skyshark bites you!!
* * * LOW HITPOINT WARNING * * *
The skyshark tail-slaps you.
* * * LOW HITPOINT WARNING * * *
You block the skyshark's attack.
Unknown command.
You feel much better. The skyshark bites you!
* * * LOW HITPOINT WARNING * * *
The skyshark barely misses you. The skyshark tail-slaps you.
* * * LOW HITPOINT WARNING * * *
Unknown command.
Aiming: Mindburst
Press: ? - help, Shift-Dir - straight line, f/p - skyshark
Aim: a skyshark (severely wounded, berserk, more vulnerable to fire, chance to affect: 47%)
The skyshark resists with some effort.
The skyshark bites you!
* * * LOW HITPOINT WARNING * * *
You block the skyshark's attack. x2; The skyshark bites you!
You die...
Ignis goes out, and joins you in death.

Skill      XL: |  1  2  3  4  5  6  7  8  9 10 11 12 13 14 |
---------------+-------------------------------------------+-----
Armour         | 1 2 3 4 6 8 9 11 12 13 14 | 14.3
Axes           | 4 5 6 8 10 11 12 14 15 | 15.9
Fire Magic     | 4 5 6 8 9 |  9.4
Fighting       | 4 5 7 9 10 11 13 14 | 14.7
Spellcasting   | 2 3 5 |  5.0
Shields        | 3 7 8 |  8.4

Action                     |  1- 3 |  4- 6 |  7- 9 | 10-12 | 13-15 || total
---------------------------+-------+-------+-------+-------+-------++-------
  Melee: Hand axe          |    29 |    11 |    14 |    57 |       ||   111
         War axe           |       |       |       |   174 |   386 ||   560
   Cast: Scorch            |    20 |    96 |   274 |   489 |   181 ||  1060
  Evoke: Wand              |       |     2 |       |    22 |    15 ||    39
    Use: Potion            |       |     4 |       |     5 |     9 ||    18
         Scroll            |       |     7 |     7 |    15 |     2 ||    31
   Stab: Petrified         |       |       |       |     6 |       ||     6
         Paralysed         |       |       |       |     1 |       ||     1
         Confused          |       |       |       |       |     1 ||     1
 Armour: Robe              |    23 |     9 |       |       |       ||    32
         Scale mail        |       |    65 |   160 |    66 |       ||   291
         Plate armour      |       |       |       |   569 |   517 ||  1086
         Skin              |       |       |       |       |    19 ||    19
  Dodge: Dodged            |    23 |    67 |    79 |   172 |   128 ||   469
  Block: Buckler           |       |       |       |    13 |    38 ||    51
         Kite shield       |       |       |       |       |   129 ||   129

Levels and vault maps discovered:
D:1:      wander_arrival_abandoned_jail, layout_loops_corners,
          ebering_ecumenical_altar_mist, minmay_misc_feat_four_crosses,
          st_stairs_7
D:2:      layout_basic, serial_shops, nicolae_shop_window_shopping,
          uniq_natasha, uniq_robin
D:3:      layout_loops_cross, serial_shops, shop, serial_park_tiny_pond,
          hex_medium
D:4:      layout_loops_cross
D:5:      layout_basic, grunt_dithmenos_shadows, serial_shops, shop,
          uniq_blork_the_orc
D:6:      layout_loops_ring, temple_green, minmay_chambers_of_fives
D:7:      layout_gridville, minmay_increasing_density
D:8:      layout_loops_ring, nicolae_overflow_hidden_temple, minitemple,
          mainiacjoe_overflow_alcove_2, enter_bailey_6, nrook_mini_vaults,
          uniq_pikel, uniq_maurice
D:9:      layout_stronghold, mainiacjoe_overflow_paths, serial_shops, shop
D:10:     minmay_ornate_pinched, layout_gridville, kennysheep_generic_room_12,
          uniq_gastronok, uniq_psyche
D:11:     layout_loops_ring, erik_lair_dragon, hiddenorc1_lemuel,
          nicolae_trove_entry_columns, uniq_nergalle
D:12:     nicolae_cairo_tiling_very_big, layout_gridville,
          minmay_fractal_squares_diagonal_5
Lair:1:   layout_cave_shapes, lemuel_fruit_fields
Lair:2:   layout_regular_city, minmay_holes, roderic_carrion_pond,
          grunt_megastairs_5, infiniplex_staircase_pool_2
Lair:3:   layout_cave_pods, shoals_dummy_entry,
          hellmonk_spider_entry_not_the_bees, portal_ice_cave_entry_pillars_1,
          uniq_sonja
Lair:4:   layout_roguey, grunt_megastairs_4
Lair:5:   minmay_lair_end_frog_pond, layout_long_grid,
          nicolae_slime_entry_field_trip, serial_bayou_lagoon_b

Notes
Turn   | Place    | Note
-------+----------+-------------------------------------------
     0 | D:1      | cforsyth the Mountain Dwarf Cinder Acolyte began the quest
                  | for the Orb.
     0 | D:1      | Reached XP level 1. HP: 19/19 MP: 2/2
   274 | D:1      | Found a faded altar of an unknown god.
   443 | D:1      | Reached XP level 2. HP: 22/26 MP: 3/3
   446 | D:1      | Learned a level 2 spell: Scorch
  1066 | D:2      | Reached skill level 1 in Armour
  1151 | D:2      | Noticed Natasha
  1159 | D:2      | Reached skill level 4 in Axes
  1159 | D:2      | Reached XP level 3. HP: 31/31 MP: 5/5
  1166 | D:2      | Killed Natasha
  1167 | D:2      | Reached skill level 4 in Fire Magic
  1235 | D:2      | Noticed Robin
  1324 | D:2      | Killed Robin
  1325 | D:2      | Reached XP level 4. HP: 37/40 MP: 6/6
  1641 | D:2      | Noticed Natasha
  1646 | D:2      | Killed Natasha
  1650 | D:2      | Reached skill level 4 in Fighting
  1650 | D:2      | Reached skill level 2 in Armour
  1815 | D:2      | Reached XP level 5. HP: 46/46 MP: 5/7
  1980 | D:2      | Noticed Natasha
  1983 | D:2      | Killed Natasha
  1984 | D:2      | Reached skill level 2 in Spellcasting
  2050 | D:2      | Found Josibe's Antique Armour Emporium.
  2832 | D:3      | Reached XP level 6. HP: 51/53 MP: 8/9
  3235 | D:3      | Found Ycihucuph's Magic Scroll Shoppe.
  3243 | D:3      | Bought a scroll of identify for 26 gold pieces
  3618 | D:4      | Reached skill level 5 in Axes
  3747 | D:4      | Reached skill level 5 in Fire Magic
  3849 | D:4      | Identified a potion of resistance
  3920 | D:4      | Reached skill level 3 in Armour
  4304 | D:4      | Reached XP level 7. HP: 58/60 MP: 11/11
  4431 | D:5      | Entered Level 5 of the Dungeon
  4460 | D:5      | Reached skill level 5 in Fighting
  4561 | D:5      | Identified a +2 robe of resistance
  4725 | D:5      | Noticed Blork the orc
  4734 | D:5      | Reached skill level 6 in Axes
  4734 | D:5      | Reached skill level 4 in Armour
  4737 | D:5      | Killed Blork the orc
  5112 | D:5      | Reached XP level 8. HP: 59/70 MP: 7/12
  5336 | D:5      | Reached skill level 6 in Fighting
  5342 | D:5      | Reached skill level 5 in Armour
  5453 | D:5      | Found a shadowy altar of Dithmenos.
  5537 | D:5      | Reached skill level 7 in Axes
  5729 | D:5      | Found Wuevucze's Antique Weapon Emporium.
  6287 | D:6      | Reached skill level 7 in Fighting
  6287 | D:6      | Reached skill level 6 in Armour
  6719 | D:6      | Reached skill level 8 in Axes
  6839 | D:6      | Reached XP level 9. HP: 79/79 MP: 13/13
  7438 | D:6      | Reached skill level 7 in Armour
  7530 | D:6      | Reached skill level 8 in Fighting
  7547 | D:6      | Identified the +3 falchion of the Tooth {protect, Int+3}
  8005 | D:6      | Found a staircase to the Ecumenical Temple.
  8221 | D:7      | Reached skill level 9 in Axes
  9134 | D:7      | Reached skill level 8 in Armour
  9239 | D:6      | Reached skill level 9 in Fighting
  9723 | D:7      | Reached skill level 10 in Axes
  9829 | D:7      | Noticed a two-headed ogre
 10183 | D:8      | Found a hide-covered altar of Uskayaw.
 10226 | D:8      | Reached XP level 10. HP: 89/89 MP: 11/14
 10332 | D:8      | Found a flagged portal.
 10430 | Bailey   | Entered a bailey
 10916 | Bailey   | Noticed an orc knight
 10985 | Bailey   | Noticed an orc knight
 11168 | Bailey   | Killed an orc knight
 11169 | Bailey   | Reached skill level 9 in Armour
 11519 | D:8      | Noticed a two-headed ogre
 12087 | D:8      | Reached skill level 10 in Fighting
 12097 | D:8      | Reached skill level 3 in Spellcasting
 12300 | D:8      | Killed a two-headed ogre
 12301 | D:8      | Reached skill level 11 in Axes
 12441 | D:8      | Found a basalt altar of Yredelemnul.
 12463 | D:8      | Noticed a two-headed ogre
 12485 | D:8      | Killed a two-headed ogre
 12486 | D:8      | Reached skill level 6 in Fire Magic
 12647 | D:8      | Noticed Pikel
 12696 | D:8      | Killed Pikel
 12863 | D:8      | Noticed Maurice
 12939 | D:8      | Killed Maurice
 12940 | D:8      | Reached XP level 11. HP: 100/101 MP: 11/16
 13236 | D:8      | Found a broken altar of Ashenzari.
 13243 | D:8      | Found a hazy altar of Hepliaklqana.
 13897 | D:9      | Reached skill level 4 in Spellcasting
 13949 | D:9      | Identified the +8 war axe of the Warrior {chaos, Int+4
                  | Dex+2}
 14128 | D:9      | Reached skill level 10 in Armour
 14700 | D:9      | Found Zompas's Weapon Shoppe.
 14716 | D:9      | Found a blossoming altar of Fedhas.
 14788 | D:9      | Reached skill level 7 in Fire Magic
 15446 | D:10     | Entered Level 10 of the Dungeon
 15704 | D:10     | Noticed a centaur warrior
 15718 | D:10     | Killed a centaur warrior
 15803 | D:10     | Noticed Psyche
 16046 | D:9      | Killed Psyche
 16204 | D:9      | Reached skill level 11 in Fighting
 16303 | D:10     | Noticed a glowing orange brain
 16307 | D:10     | Killed a glowing orange brain
 16308 | D:10     | Reached skill level 12 in Axes
 16544 | D:10     | Noticed a two-headed ogre
 16554 | D:10     | Killed a two-headed ogre
 16647 | D:10     | Reached skill level 5 in Spellcasting
 16647 | D:10     | Reached skill level 8 in Fire Magic
 16876 | D:10     | Noticed Gastronok
 16876 | D:10     | HP: 5/102 [Gastronok/the air (14)]
 17463 | D:10     | Killed Gastronok
 17464 | D:10     | Reached skill level 11 in Armour
 17869 | D:10     | Reached XP level 12. HP: 106/111 MP: 10/19
 18270 | D:11     | Noticed Nergalle
 18594 | D:11     | Killed Nergalle
 18595 | D:11     | Reached skill level 9 in Fire Magic
 19321 | D:11     | Reached skill level 12 in Fighting
 19408 | D:11     | Found a staircase to the Lair.
 19687 | D:11     | Found a portal to a secret trove of treasure.
 19838 | D:11     | Reached skill level 13 in Axes
 20355 | D:11     | Found a staircase to the Orcish Mines.
 21341 | D:12     | Noticed a boulder beetle
 21442 | Lair:1   | Entered Level 1 of the Lair of Beasts
 22235 | Lair:1   | Reached skill level 1 in Shields
 22268 | Lair:1   | Reached skill level 12 in Armour
 22524 | D:11     | Reached skill level 2 in Shields
 23142 | Lair:1   | Reached skill level 3 in Shields
 23809 | Lair:1   | Reached skill level 14 in Axes
 23982 | Lair:2   | Reached skill level 13 in Fighting
 24106 | Lair:2   | Reached XP level 13. HP: 122/122 MP: 20/20
 24207 | Lair:2   | Reached skill level 4 in Shields
 25366 | Lair:2   | Reached skill level 5 in Shields
 25997 | Lair:3   | Reached skill level 13 in Armour
 26023 | Lair:3   | Found a frozen archway.
 26063 | IceCv    | Entered an ice cave
 26595 | IceCv    | Reached skill level 6 in Shields
 27274 | IceCv    | Reached skill level 15 in Axes
 27525 | IceCv    | Reached skill level 14 in Fighting
 27736 | IceCv    | Noticed a frost giant
 27768 | IceCv    | Killed a frost giant
 27776 | IceCv    | Reached skill level 7 in Shields
 28240 | Lair:3   | Noticed Sonja
 28286 | Lair:2   | HP: 11/124 [poisoned by a killer bee]
 28291 | Lair:2   | HP: 6/124 [poisoned by a killer bee]
 28817 | Lair:3   | Reached XP level 14. HP: 85/132 MP: 16/21
 29038 | Lair:3   | Found a staircase to the Shoals.
 29581 | Lair:3   | Found a hole to the Spider Nest.
 30053 | Lair:3   | Killed Sonja
 30496 | Lair:4   | Reached skill level 14 in Armour
 30912 | Lair:4   | Reached skill level 8 in Shields
 31602 | Lair:5   | Entered Level 5 of the Lair of Beasts
 32165 | Lair:4   | HP: 8/133 [skyshark (18)]
 32167 | Lair:4   | Slain by a skyshark

Vanquished Creatures
  Gastronok (D:10)
  A frost giant (IceCv)
  A centaur warrior (D:10)
  3 two-headed ogres
  8 death yaks (IceCv)
  Nergalle (D:11)
  Sonja (Lair:3)
  A skyshark (Lair:4)
  Pikel (D:8)
  A glowing orange brain (D:10)
  2 ugly things
  Maurice (D:8)
  2 manticores (D:12)
  4 elephants
  A meliai (Lair:2)
  8 black mambas
  An ice statue (IceCv)
  An unseen horror (D:11)
  16 cane toads
  2 gargoyles (D:11)
  4 rime drakes (IceCv)
  6 komodo dragons
  A kobold demonologist (D:11)
  Psyche (D:9)
  9 polar bears
  4 trolls
  20 blink frogs
  7 dream sheep
  A slime creature (D:12)
  A vampire (D:8)
  A shadow (D:11)
  6 wyverns
  48 yaks
  2 wraiths
  2 basilisks
  A steam dragon (Lair:2)
  7 vampire mosquitoes
  10 water moccasins
  5 acid dragons
  6 ice beasts
  11 orc warriors
  A swamp drake (D:11)
  3 sky beasts
  6 black bears
  An ogre (D:5)
  19 wolves
  7 centaurs
  A phantom (D:5)
  Blork the orc (D:5)
  12 bullfrogs
  5 kobold brigands
  5 gnoll sergeants
  4 scorpions
  10 wights
  10 killer bees
  4 howler monkeys
  3 bombardier beetles
  3 gnoll boudas
  6 hounds
  10 orc priests
  A sleepcap (D:7)
  Natasha (thrice) (D:2)
  4 iguanas
  18 orc wizards
  Robin (D:2)
  29 gnolls
  8 adders
  2 shadow imps (D:7)
  A white imp (D:5)
  2 ufetubi (D:6)
  2 ribbon worms
  2 dart slugs
  64 orcs
  2 ball pythons (D:2)
  4 bats
  5 endoplasms
  4 giant cockroaches
  14 goblins
  9 hobgoblins
  4 jackals (D:3)
  19 kobolds
  2 quokkas
  A frilled lizard (D:1)
  2 rats (D:2)
524 creatures vanquished.

Vanquished Creatures (collateral kills)
  A death yak (IceCv)
  An orc knight (Bailey)
2 creatures vanquished.

Grand Total: 526 creatures vanquished

Table legend: (Time is in decaauts)
 A = Elapsed time spent in this place.
 B = Non-inter-level travel time spent in this place.
 C = Inter-level travel time spent in this place.
 D = Time resting spent in this place.
 E = Time spent auto-exploring this place.
 F = Levels seen in this place.
 G = Mean time per level.
                   A        B        C        D        E       F      G
               +--------+--------+--------+--------+--------+-----+--------+
         Total |  32108 |  30746 |   1362 |   8880 |  15912 |  19 | 1689.9 |
       Dungeon |  21288 |  20035 |   1253 |   5116 |  11512 |  12 | 1774.0 |
          Lair |   7613 |   7505 |    108 |   2912 |   3210 |   5 | 1522.6 |
        Bailey |   1123 |   1123 |      0 |    470 |    160 |   1 | 1123.0 |
      Ice Cave |   2083 |   2083 |      0 |    381 |   1030 |   1 | 2083.0 |
               +--------+--------+--------+--------+--------+-----+--------+

Top non-repeatable levels by time:
    D:10: 2572 daAuts
    D:11: 2564 daAuts
     D:9: 2548 daAuts
     D:8: 2256 daAuts
   IceCv: 2083 daAuts
     D:5: 2079 daAuts
     D:7: 2073 daAuts
  Lair:2: 2006 daAuts
  Lair:3: 1931 daAuts
  Lair:1: 1915 daAuts
     D:6: 1766 daAuts
  Lair:4: 1511 daAuts
     D:1: 1307 daAuts
     D:2: 1184 daAuts
  Bailey: 1123 daAuts

Table legend:
 A = Non-vault XP
 B = Vault XP
 C = Vault XP percentage of total XP
 D = Non-vault monster count
 E = Vault monster count
 F = Vault count percentage of total count
                 A         B        C        D         E       F
            +---------+---------+-------+---------+---------+-------
      Total |   42710 |   36981 |  46.4 |     352 |     174 |  33.1
            +---------+---------+-------+---------+---------+-------
        D:1 |      13 |       6 |  31.6 |       7 |       3 |  30.0
        D:2 |     162 |      73 |  31.1 |      20 |      13 |  39.4
        D:3 |     165 |       0 |   0.0 |      24 |       0 |   0.0
        D:4 |     398 |       0 |   0.0 |      12 |       0 |   0.0
        D:5 |    1031 |     199 |  16.2 |      26 |       2 |   7.1
        D:6 |    1181 |     451 |  27.6 |      29 |       6 |  17.1
        D:7 |    1179 |     549 |  31.8 |      22 |       8 |  26.7
        D:8 |    3802 |    1222 |  24.3 |      38 |       2 |   5.0
        D:9 |    1779 |     754 |  29.8 |      26 |       4 |  13.3
       D:10 |    3555 |    4745 |  57.2 |      25 |      13 |  34.2
       D:11 |    3496 |    2871 |  45.1 |      28 |      25 |  47.2
       D:12 |    1392 |    1296 |  48.2 |       3 |       5 |  62.5
     Lair:1 |    5758 |       0 |   0.0 |      22 |       0 |   0.0
     Lair:2 |    6052 |    3124 |  34.0 |      23 |      15 |  39.5
     Lair:3 |    6314 |    2142 |  25.3 |      23 |       8 |  25.8
     Lair:4 |    6433 |    3877 |  37.6 |      24 |      13 |  35.1
     Bailey |       0 |    1349 | 100.0 |       0 |      21 | 100.0
      IceCv |       0 |   14323 | 100.0 |       0 |      36 | 100.0
            +---------+---------+-------+---------+---------+-------
